 Dungeon Crawl Stone Soup version 0.29-a0-802-g34511f41fd (webtiles) character file.

Game seed: 885123591320064496

206615 Megalobster the Axe Maniac (level 18, -8/173 HPs)
             Began as a Minotaur Berserker on July 1, 2022.
             Was the Champion of Trog.
             Blown up by an orb spider (64 damage)
             ... with an orb of destruction
             ... on level 4 of the Spider Nest on July 3, 2022.
             The game lasted 01:36:55 (30558 turns).

Megalobster the Axe Maniac (Minotaur Berserker)    Turns: 30558, Time: 01:36:56

Health: -8/173     AC: 38    Str: 30    XL:     18   Next: 7%
Magic:  17/17      EV: 17    Int:  4    God:    Trog [******]
Gold:   3809       SH:  0    Dex: 13    Spells: 17/17 levels left

rFire   . . .      SeeInvis .   b - +6 executioner's axe (vamp)
rCold   . . .      Faith    .   (shield currently unavailable)
rNeg    + . .      Spirit   .   W - +8 plate armour "Edarerer" {Rampage rPois Dex+2}
rPois   +          Reflect  .   (helmet restricted)
rElec   .          Harm     .   Q - +2 cloak
rCorr   +          Rampage  +   P - +2 pair of gloves {hurl}
Will    +++..                   O - +2 pair of boots
Stlth   ..........              q - amulet of regeneration
HPRegen 2.18/turn               w - ring of flight
MPRegen 0.15/turn               C - ring "Nawk" {rN+ rCorr EV+4 Str+3}

@: strong-willed, flying, regenerating, slowed, very slow
A: horns 2, retaliatory headbutt, weak 1
}: 1/15 runes: decaying
a: Renounce Religion, Berserk, Trog's Hand, Brothers in Arms


You were on level 4 of the Spider Nest.
You worshipped Trog.
Trog was exalted by your worship.
You visited 5 branches of the dungeon, and saw 31 of its levels.

You collected 5222 gold pieces.
You spent 1413 gold pieces at shops.

Inventory:

Hand Weapons
 a - a +4 executioner's axe of flaming
 b - a +6 vampiric executioner's axe (weapon)
 E - a +2 executioner's axe of freezing
 I - the +10 great mace of the Sea {vorpal, rN++}
   (You found it on level 11 of the Dungeon)

   It inflicts extra damage upon your enemies.
   rN:        It greatly protects you from negative energy.
 M - a +4 antimagic battleaxe
Missiles
 f - 7 throwing nets (quivered) {!f}
 J - 21 boomerangs
Armour
 F - the +4 chain mail of Imperfection {Rampage rF- Will+++ Slay+6}
   (You found it on level 8 of the Dungeon)

   Slay:      It affects your accuracy & damage with ranged weapons and melee
   (+6).
   rF:        It makes you vulnerable to fire.
   Rampage:   It bestows one free step when moving towards enemies.
   Will:      It greatly increases your willpower.
 N - the +2 ring mail of Okuur {Str+5 SInv}
   (You bought it in a shop on level 5 of the Dungeon)

   Str:       It affects your strength (+5).
   SInv:      It lets you see invisible.
 O - a +2 pair of boots (worn)
 P - a +2 pair of gloves of hurling (worn)
 Q - a +2 cloak (worn)
 W - the +8 plate armour "Edarerer" (worn) {Rampage rPois Dex+2}
   (You found it on level 1 of the Swamp)

   Dex:       It affects your dexterity (+2).
   rPois:     It protects you from poison.
   Rampage:   It bestows one free step when moving towards enemies.
 X - +0 swamp dragon scales
Jewellery
 i - a ring of poison resistance
 q - an amulet of regeneration (around neck)
 w - a ring of flight (left hand)
 C - the ring "Nawk" (right hand) {rN+ rCorr EV+4 Str+3}
   (You found it on level 11 of the Dungeon)

   [ring of evasion]

   EV:        It affects your evasion (+4).
   Str:       It affects your strength (+3).
   rN:        It protects you from negative energy.
   rCorr:     It protects you from acid and corrosion.
 D - the ring "Qyrineaw" {Wiz Will+}
   (You found it on level 3 of the Swamp)

   [ring of wizardry]

   It improves your spell success rate.
   Will:      It increases your willpower.
 H - the amulet "Dyilee" {Spirit Harm rC+}
   (You found it on level 11 of the Dungeon)

   [amulet of guardian spirit]

   It causes incoming damage to be divided between your reserves of health and
   magic.
   rC:        It protects you from cold.
   Harm:      It increases damage dealt and taken.
Wands
 j - a wand of charming (29)
 u - a wand of light (28)
 y - a wand of iceblast (38)
 z - a wand of digging (2)
 A - a wand of flame (127)
 S - a wand of polymorph (2)
Scrolls
 g - 11 scrolls of immolation
 k - 12 scrolls of teleportation
 m - 10 scrolls of poison
 p - 10 scrolls of magic mapping
 r - 11 scrolls of fog
 t - 7 scrolls of silence
 B - 3 scrolls of fear
Potions
 c - 4 potions of mutation
 d - 7 potions of heal wounds
 e - 6 potions of ambrosia
 h - 9 potions of curing {@q1}
 l - 8 potions of might
 n - 2 potions of invisibility
 o - 4 potions of haste
 s - a potion of resistance
 G - 2 potions of magic
 K - 10 potions of lignification
 R - 7 potions of flight
 U - 4 potions of cancellation
Miscellaneous
 v - a condenser vane
 x - a tin of tremorstones (inert)
 L - a box of beasts
 V - a lightning rod (3/4)
 Y - a piece from Xom's chessboard (15/15)


   Skills:
 * Level 18.6 Fighting
 O Level 27 Axes
 * Level 19.9 Armour
 - Level 10.0 Dodging
 - Level 8.0 Evocations


You had 17 spell levels left.
You didn't know any spells.
Your spell library was empty.

Dungeon Overview and Level Annotations

Branches:
Dungeon (15/15)            Temple (0/1) D:4            Lair (6/6) D:8
  Swamp (4/4) Lair:3       Spider (4/4) Lair:3        Slime (0/5) Lair:6
    Orc (2/2) D:9             Elf (0/3) Orc:2        Vaults (0/5) D:14
 Depths (0/4) D:15

Altars:
Ashenzari
Cheibriados
Dithmenos
Elyvilon
Fedhas
Gozag
Hepliaklqana
Kikubaaqudgha
Makhleb
Nemelex Xobeh
Okawaru
Qazlal
Ru
Sif Muna
Trog
Uskayaw
Vehumet
Wu Jian
Xom
Yredelemnul
Zin
The Shining One
Jiyva

Shops:
D:5 [[*   D:12 (   D:13 :   Orc:1 *   Orc:2 [([[

Annotations:
Lair:5 exclusion: 4 oklob plants


Innate Abilities, Weirdness & Mutations

You have a pair of horns on your head.
You reflexively headbutt those who attack you in melee.
You are weak. (Str -2)


Message History

An orb of destruction comes into view.
You feel yourself speed up.
You regained 2 hp, and now have 107/173 hp.
The orb of destruction hits you!!!
The orb spider spins a strand of pure energy.
You take 38 damage, and have 69/173 hp.
MASSIVE DAMAGE!!
Being near the torpor snail leaves you feeling lethargic.
You rampage towards the orb spider!
The demonic crawler gives a hideous shriek!
You hit the orb spider.
You feel better.
The orb spider is lightly wounded.
The orb spider weaves a glowing orb of energy.
The wavering orb of destruction weakly hits you but does no damage.
You regained 7 hp, and now have 77/173 hp.
You hit the orb spider.
The orb spider is moderately wounded.
The orb of destruction hits you!!
* * * LOW HITPOINT WARNING * * *
You take 34 damage, and have 43/173 hp.
Your skin crawls.
You feel strong-willed.
The orb spider pulsates with a strange energy.
You regained 3 hp, and now have 46/173 hp.
Aiming: Thunderbolt
Press: ? - help, Shift-Dir - straight line, f - torpor snail
Aim: a torpor snail The thunderbolt hits the torpor snail!
The torpor snail is lightly wounded.
You regained 3 hp, and now have 49/173 hp.
Blink to where?
Press: ? - help, Dir - move target, p - torpor snail
As you read the scroll of blinking, it crumbles to dust.
The demonic crawler shrieks in warning!
The orb spider weaves a glowing orb of energy.
You hear a faint skittering sound.
You hear a skittering sound.
You hear a faint skittering sound.
You hear an angry buzzing noise. x2
An orb of destruction comes into view.
You regained 4 hp, and now have 53/173 hp.
The orb of destruction hits you!!!
You die...

##........s...(..
.....#.................
.........#^.....?.....
. #.....#............^.
.. ... ......#< .
......#.........
...........#....#....
^......##...)......$.
.......^....@.......
...##.........○☼s......
........##....☼^.)..^..
.$.....(....ws.........
#...............#......
...!.(....#.....^......
....#.............###..
..............^.#... ..
#........†.....#....


You could see a torpor snail, a demonic crawler and an orb spider.

Vanquished Creatures
  the Lernaean hydra (Swamp:4)
  Rupert (Spider:1)
  Gastronok (Lair:3)
  A thorn hunter (Swamp:1)
  3 fenstrider witches (Swamp:2)
  The ghost of Hihaps the Human Aeon, an adept HuVM of Cheibriados (Spider:3)
  A ghost moth (Spider:1)
  An emperor scorpion (Spider:3)
  A very ugly thing (D:15)
  5 eleionomae
  4 entropy weavers
  2 bunyips
  The ghost of qborf the Severer, a journeyman FoCK of Xom (Lair:3)
  Josephine (Orc:2)
  Fannar (Lair:1)
  A great orb of eyes (D:15)
  25 hydras
  2 ghost crabs (Swamp:2)
  Erolcha (D:10)
  3 centaur warriors
  6 boulder beetles
  2 ogre magi (Orc:2)
  Harold (D:10)
  3 catoblepae
  3 radroaches (Spider:3)
  13 two-headed ogres
  11 alligators
  Erica (Orc:1)
  3 dancing weapons
  A jorogumo (Spider:3)
  14 death yaks
  A death scarab (Spider:3)
  A tengu warrior (D:11)
  Amaemon (Lair:3)
  3 goliath frogs
  5 pharaoh ants
  2 sun moths
  5 skeletal warriors
  7 steelbarb worms
  9 swamp dragons
  2 deep trolls (Orc:2)
  2 spriggan druids
  14 bog bodies
  3 orb spiders
  A deep elf pyromancer (D:12)
  An orc knight (Orc:1)
  11 wolf spiders
  10 cyclopes
  3 manticores
  12 ugly things
  3 will-o-the-wisps
  14 elephants
  Maurice (D:9)
  3 black mambas (Lair:5)
  5 moths of wrath
  3 torpor snails
  An elephant (shapeshifter) (D:15)
  A guardian serpent (shapeshifter) (D:15)
  A rust devil (D:9)
  4 gargoyles
  11 cane toads
  A guardian serpent (D:13)
  5 kobold demonologists
  An unseen horror (D:11)
  Maggie (D:6)
  10 komodo dragons
  An orange demon (Lair:3)
  2 rime drakes (Lair:2)
  9 demonic crawlers
  A hellwing (D:9)
  3 freezing wraiths
  14 trolls
  A queen bee (Lair:5)
  15 meliai
  5 polar bears
  22 hornets
  23 tarantellas
  8 tyrant leeches
  5 blink frogs
  6 slime creatures (D:15)
  6 jumping spiders
  3 shadows (D:11)
  27 spriggans
  A centaur simulacrum (D:11)
  21 culicivoras
  7 wraiths
  4 wyverns
  2 water elementals (D:13)
  A vampire (D:10)
  49 yaks
  A ynoxinul (D:9)
  3 basilisks
  24 redbacks
  A neqoxec (D:9)
  3 steam dragons
  11 vampire mosquitoes
  A golden eye (shapeshifter) (D:14)
  2 wargs (Orc:2)
  14 swamp worms
  2 acid dragons (D:11)
  Edmund (D:5)
  17 water moccasins
  21 orc warriors
  7 swamp drakes (Swamp:4)
  3 ice beasts (D:7)
  A sky beast (D:6)
  Duvessa (D:6)
  A black bear (Lair:6)
  12 centaurs
  17 ogres
  55 wolves
  4 boggarts (Lair:6)
  A phantom (D:5)
  5 kobold brigands
  7 bullfrogs
  4 gnoll sergeants
  6 scorpions
  Dowan (D:6)
  40 killer bees
  4 electric eels
  8 howler monkeys
  2 quasits (D:9)
  3 hounds
  2 jellies
  3 gnoll boudas (D:7)
  14 orc priests
  Jessica (D:3)
  5 hell rats (Lair:5)
  20 orc wizards
  Natasha (thrice) (D:4)
  2 iguanas
  30 gnolls
  5 adders
  A shadow imp (D:7)
  2 white imps
  4 worms
  2 dart slugs
  67 orcs
  6 endoplasms
  6 giant cockroaches
  5 goblins
  6 hobgoblins
  2 jackals (D:1)
  5 quokkas
  7 ball pythons
  3 bats
  3 frilled lizards
  22 kobolds
  10 rats
1028 creatures vanquished.

Vanquished Creatures (others)
  An unseen horror (D:7)
  A polar bear (Lair:6)
  3 bloated husks
  2 demonic plants (D:9)
  12 foxfires
  39 fungi
  58 plants
116 creatures vanquished.

Grand Total: 1144 creatures vanquished

Notes
Turn   | Place    | Note
-------+----------+-------------------------------------------
     0 | D:1      | Megalobster the Minotaur Berserker began the quest for the
                  | Orb.
     0 | D:1      | Reached XP level 1. HP: 19/19 MP: 0/0
    88 | D:1      | Reached skill level 4 in Axes
    92 | D:1      | Reached XP level 2. HP: 26/26 MP: 1/1
   550 | D:1      | Reached skill level 5 in Axes
   572 | D:1      | Reached XP level 3. HP: 31/31 MP: 2/2
  1226 | D:2      | Found a broken altar of Ashenzari.
  1404 | D:2      | You fall into a shaft and drop 2 floors!
  1412 | D:4      | Reached ** piety under Trog
  1521 | D:3      | Noticed Jessica
  1521 | D:3      | Found a faded altar of an unknown god.
  1521 | D:3      | Found an ornate altar of the Wu Jian Council.
  1531 | D:3      | Killed Jessica
  1532 | D:3      | Reached XP level 4. HP: 38/39 MP: 3/3
  2202 | D:3      | Reached skill level 6 in Axes
  2202 | D:3      | Reached XP level 5. HP: 44/45 MP: 4/4
  2761 | D:3      | Found a shimmering blue altar of Sif Muna.
  3001 | D:3      | Found a glowing golden altar of the Shining One.
  3179 | D:4      | Noticed Natasha
  3186 | D:4      | Killed Natasha
  3200 | D:4      | Found a staircase to the Ecumenical Temple.
  3256 | D:4      | Noticed Natasha
  3263 | D:4      | Killed Natasha
  3428 | D:4      | Noticed Natasha
  3432 | D:4      | Killed Natasha
  3433 | D:4      | Reached skill level 5 in Armour
  3499 | D:4      | Found a burning altar of Makhleb.
  3499 | D:4      | Noticed a green death
  3502 | D:4      | Noticed a hellwing
  3502 | D:4      | Noticed a neqoxec
  3543 | D:4      | Found a radiant altar of Vehumet.
  3653 | D:4      | Reached skill level 7 in Axes
  3653 | D:4      | Reached XP level 6. HP: 33/51 MP: 5/5
  3994 | D:4      | Found an opulent altar of Gozag.
  4237 | D:5      | Entered Level 5 of the Dungeon
  4405 | D:5      | Noticed Edmund
  4413 | D:5      | Killed Edmund
  4414 | D:5      | Reached skill level 8 in Axes
  4437 | D:5      | Found Suttayr's Antique Armour Shop.
  4480 | D:5      | Noticed a water moccasin
  4481 | D:5      | Found Egravu's Antique Armour Boutique.
  4487 | D:5      | Killed a water moccasin
  4488 | D:5      | Reached XP level 7. HP: 57/57 MP: 6/6
  4489 | D:5      | Reached skill level 9 in Axes
  4732 | D:5      | Found a basalt altar of Yredelemnul.
  4940 | D:5      | Found a blossoming altar of Fedhas.
  4946 | D:5      | Found a stormy altar of Qazlal.
  5019 | D:5      | Reached skill level 10 in Axes
  5278 | D:5      | Found Celes's Assorted Antiques.
  5488 | D:6      | Noticed Maggie
  5503 | D:6      | Reached XP level 8. HP: 64/64 MP: 7/7
  5506 | D:6      | Killed Maggie
  5507 | D:6      | Reached skill level 11 in Axes
  5511 | D:6      | Reached skill level 12 in Axes
  6148 | D:6      | Reached skill level 13 in Axes
  6298 | D:6      | Noticed Dowan
  6302 | D:6      | Noticed Duvessa
  6309 | D:6      | Killed Duvessa
  6310 | D:6      | Killed Dowan
  6814 | D:6      | Reached XP level 9. HP: 64/70 MP: 8/8
  6961 | D:7      | Found a white marble altar of Elyvilon.
  6966 | D:7      | Upgraded the game from 0.29-a0-775-g4d7333d4e2 to
                  | 0.29-a0-802-g34511f41fd
  7766 | D:8      | Identified the +4 chain mail of Imperfection {Rampage rF-
                  | Will+++ Slay+6}
  8011 | D:8      | Reached skill level 14 in Axes
  8157 | D:8      | Identified the +1 robe "Pusemn" {rF+ Stlth+}
  8184 | D:8      | Noticed a death yak
  8184 | D:8      | Noticed a death yak
  8185 | D:8      | Found a staircase to the Lair.
  8185 | D:8      | Noticed a death yak
  8193 | D:8      | Killed a death yak
  8198 | D:8      | Killed a death yak
  8199 | D:8      | Reached skill level 15 in Axes
  8200 | D:8      | Reached *** piety under Trog
  8203 | D:8      | Killed a death yak
  8204 | D:8      | Reached XP level 10. HP: 64/77 MP: 9/9
  8208 | D:8      | Reached skill level 16 in Axes
  8574 | D:7      | Noticed a centaur warrior
  8575 | D:7      | Noticed a boulder beetle
  8575 | D:7      | Noticed a cyclops
  8592 | D:7      | Killed a centaur warrior
  8593 | D:7      | Reached skill level 17 in Axes
  8593 | D:7      | Killed a cyclops
  8594 | D:7      | Killed a boulder beetle
  9019 | D:8      | Reached XP level 11. HP: 80/82 MP: 10/10
  9480 | D:9      | Found a staircase to the Orcish Mines.
  9509 | D:9      | Reached **** piety under Trog
  9551 | D:9      | Reached skill level 1 in Evocations
  9668 | D:9      | Found an iron altar of Okawaru.
  9668 | D:9      | Found an ancient bone altar of Kikubaaqudgha.
  9668 | D:9      | Found a sacrificial altar of Ru.
  9670 | D:9      | Found a bloodstained altar of Trog.
  9670 | D:9      | Found a hide-covered altar of Uskayaw.
  9670 | D:9      | Found a snail-covered altar of Cheibriados.
  9671 | D:9      | Found a sparkling altar of Nemelex Xobeh.
  9671 | D:9      | Found a shadowy altar of Dithmenos.
  9671 | D:9      | Found a shimmering altar of Xom.
  9785 | D:9      | Noticed Maurice
  9796 | D:9      | Killed Maurice
  9797 | D:9      | Reached skill level 18 in Axes
  9797 | D:9      | Reached skill level 10 in Armour
  9805 | D:9      | Gained mutation: You are weak. (Str -2) [a neqoxec]
 10260 | D:9      | Found a hazy altar of Hepliaklqana.
 10276 | D:9      | Found a glowing silver altar of Zin.
 10754 | D:5      | Bought a distressingly furry ring mail for 270 gold pieces
 10754 | D:5      | Identified the +2 ring mail of Okuur {Str+5 SInv} (You
                  | bought it in a shop on level 5 of the Dungeon)
 10754 | D:5      | Bought a pair of boots for 135 gold pieces
 10781 | D:5      | Bought a pair of glowing gloves for 210 gold pieces
 10781 | D:5      | Bought an embroidered cloak for 210 gold pieces
 10960 | Lair:1   | Entered Level 1 of the Lair of Beasts
 11329 | Lair:1   | Noticed Fannar
 11419 | Lair:1   | Killed Fannar
 11797 | Lair:2   | Reached skill level 5 in Fighting
 11880 | Lair:2   | Reached skill level 5 in Evocations
 13055 | Lair:3   | Found a runed translucent gate.
 13055 | Lair:3   | Found a runed translucent gate.
 13055 | Lair:3   | Found a runed translucent gate.
 13057 | Lair:3   | Noticed qborf's ghost (journeyman FoCK)
 13080 | Lair:3   | Reached XP level 12. HP: 71/96 MP: 11/11
 13220 | Lair:3   | Found a hole to the Spider Nest.
 13272 | Lair:3   | Found a stormy altar of Qazlal.
 13432 | Lair:3   | Found a staircase to the Swamp.
 13447 | Lair:3   | Reached skill level 19 in Axes
 13475 | Lair:3   | Noticed a boulder beetle
 13511 | Lair:3   | Killed a boulder beetle
 13730 | Lair:3   | Noticed Gastronok
 13743 | Lair:3   | Killed Gastronok
 13744 | Lair:3   | Reached skill level 20 in Axes
 13790 | Lair:3   | Reached ***** piety under Trog
 13892 | Lair:3   | Noticed Amaemon
 13908 | Lair:3   | Killed Amaemon
 14537 | Lair:4   | Noticed an eight-headed hydra
 14550 | Lair:4   | Killed an eight-headed hydra
 14985 | Lair:4   | Reached XP level 13. HP: 105/111 MP: 12/12
 14995 | Lair:4   | Reached skill level 21 in Axes
 15013 | Lair:4   | You are sucked into a shaft and drop 1 floor!
 15040 | Lair:5   | Reached skill level 10 in Fighting
 15065 | Lair:5   | Received a gift from Trog
 16253 | Lair:5   | Reached skill level 22 in Axes
 16508 | Lair:6   | Entered Level 6 of the Lair of Beasts
 16819 | Lair:6   | Found a staircase to the Slime Pits.
 16819 | Lair:6   | Found a viscous altar of Jiyva.
 16841 | Lair:6   | Reached XP level 14. HP: 123/126 MP: 13/13
 16877 | Lair:6   | Reached skill level 23 in Axes
 16981 | Lair:6   | Received a gift from Trog
 17041 | Lair:6   | Identified a scroll of acquirement
 17041 | Lair:6   | Acquired a +2 vorpal executioner's axe
 17431 | Lair:6   | Reached skill level 24 in Axes
 17961 | Orc:1    | Entered Level 1 of the Orcish Mines
 18069 | Orc:1    | Noticed Erica
 18082 | Orc:1    | Killed Erica
 18331 | Orc:2    | Entered Level 2 of the Orcish Mines
 18336 | Orc:2    | Found a staircase to the Elven Halls.
 18377 | Orc:2    | Noticed Josephine
 18382 | Orc:2    | Killed Josephine
 18588 | Orc:1    | Found Zyoryl's Assorted Antiques.
 18591 | Orc:1    | Found an iron altar of Okawaru.
 18592 | Orc:1    | Received a gift from Trog
 18953 | Orc:2    | Reached skill level 25 in Axes
 18960 | Orc:2    | Found Vethroom's Antique Armour Shop.
 19070 | Orc:2    | Found Eluedena's Armour Boutique.
 19075 | Orc:2    | Reached XP level 15. HP: 119/136 MP: 14/14
 19101 | Orc:2    | Found Owkicuos's Weapon Emporium.
 19113 | Orc:2    | Found Gecill's Armour Shop.
 19132 | Orc:2    | Bought a +2 vampiric executioner's axe for 588 gold pieces
 19414 | D:10     | Entered Level 10 of the Dungeon
 19447 | D:10     | Found a broken altar of Ashenzari.
 19456 | D:10     | Noticed Harold
 19461 | D:10     | Killed Harold
 19580 | D:10     | Noticed Erolcha
 19594 | D:10     | Killed Erolcha
 19642 | D:10     | Reached ****** piety under Trog
 20281 | D:11     | Reached skill level 5 in Dodging
 20330 | D:11     | Identified the +2 leather armour of the Minstrel {rF+ rN+}
 20339 | D:11     | Received a gift from Trog
 20602 | D:11     | Identified the ring "Nawk" {rN+ rCorr EV+4 Str+3}
 20602 | D:11     | Identified the amulet "Dyilee" {Spirit Harm rC+}
 20602 | D:11     | Identified the +10 great mace of the Sea {vorpal, rN++}
 21658 | D:12     | Found Pucyovae's Antique Weapon Shop.
 21907 | D:13     | Reached skill level 26 in Axes
 22077 | D:13     | Found Vodatu's Book Shop.
 22386 | D:14     | Received a gift from Trog
 22450 | D:14     | Found a gate to the Vaults.
 22768 | D:14     | Acquired a manual of Armour
 23059 | D:15     | Entered Level 15 of the Dungeon
 23353 | Swamp:1  | Entered Level 1 of the Swamp
 23408 | Swamp:1  | Reached XP level 16. HP: 116/147 MP: 15/15
 23566 | Swamp:1  | Identified the +8 plate armour "Edarerer" {Rampage rPois
                  | Dex+2}
 23664 | Swamp:1  | Noticed a thorn hunter
 23670 | Swamp:1  | Killed a thorn hunter
 24268 | Swamp:2  | Received a gift from Trog
 24347 | Swamp:2  | Reached skill level 15 in Fighting
 24546 | Swamp:2  | Paralysed by a fenstrider witch for 4 turns
 24892 | Swamp:2  | Paralysed by a fenstrider witch for 2 turns
 24931 | Swamp:2  | Found a runed translucent door.
 25619 | Swamp:3  | Identified the ring "Qyrineaw" {Wiz Will+}
 26078 | Swamp:4  | Entered Level 4 of the Swamp
 26154 | Swamp:4  | Reached skill level 27 in Axes
 26229 | Swamp:4  | Received a gift from Trog
 26265 | Swamp:4  | Reached skill level 15 in Armour
 26454 | Swamp:4  | Reached XP level 17. HP: 122/158 MP: 16/16
 26489 | Swamp:4  | Noticed the 27-headed Lernaean hydra
 26497 | Swamp:4  | Killed the 24-headed Lernaean hydra
 26605 | Swamp:4  | Got a decaying rune of Zot
 26838 | Lair:3   | Killed qborf's ghost
 27196 | D:15     | Found a staircase to the Depths.
 27332 | D:15     | Acquired 1025 gold pieces
 27440 | D:15     | Found a snail-covered altar of Cheibriados.
 27860 | Spider:1 | Entered Level 1 of the Spider Nest
 28086 | Spider:1 | Noticed Rupert
 28097 | Spider:1 | Killed Rupert
 28180 | Spider:1 | Received a gift from Trog
 28791 | Spider:2 | Reached skill level 10 in Dodging
 29394 | Spider:3 | Noticed Hihaps's ghost (adept HuVM)
 29394 | Spider:3 | Found a runed translucent door.
 29394 | Spider:3 | Found a shimmering altar of Xom.
 29395 | Spider:3 | Received a gift from Trog
 30129 | Spider:3 | Killed Hihaps's ghost
 30163 | Spider:4 | Entered Level 4 of the Spider Nest
 30296 | Spider:4 | Received a gift from Trog
 30300 | Spider:4 | Reached XP level 18. HP: 173/173 MP: 17/17
 30558 | Spider:4 | Blown up by an orb spider

Illustrated notes

Levels and vault maps discovered:
D:1:      co_arrival_square_in_a_square_in_a_square, layout_basic
D:2:      layout_loops_ring, basic_altar
D:3:      layout_rooms, nicolae_tso_swordbearing_angel,
          mainiacjoe_overflow_surrounded_room, mainiacjoe_overflow_brackets,
          basic_ecumenical_altar, uniq_jessica
D:4:      layout_gridville, mainiacjoe_overflow_alcove_2, vehumet_crystals,
          makhleb_altar_promises_db, minmay_temple_entry_grid,
          nrook_mini_vaults, uniq_natasha
D:5:      layout_gridville, grunt_temple_overflow_forces_of_nature,
          kennysheep_mini_moat, serial_shops, shop, nicolae_shop_stone, shop,
          feat_on_display, uniq_edmund
D:6:      layout_basic, uniq_duvessa, uniq_maggie
D:7:      minmay_klotski, layout_basic, nicolae_elyvilon_temple_path
D:8:      layout_loops_corners, dpeg_lair_monsters, enter_bailey_7
D:9:      layout_long_grid, zin_statuary, nicolae_overflows_in_rows,
          nzn_hepliaklqana_mist_gate, david_orc_2, serial_demonic,
          serial_demonic_g, serial_demonic_g, serial_demonic_d,
          serial_demonic_f, uniq_maurice
D:10:     layout_loops_ring, ashenzari_altar_1, uniq_harold, uniq_erolcha
D:11:     minmay_the_grid_4x2 [minmay_the_grid_medium_cups,
          minmay_the_grid_outer_circle, minmay_the_grid_small_cups,
          minmay_the_grid_pillar_ring, minmay_the_grid_odd_star,
          minmay_the_grid_minigrid_small_alt, minmay_the_grid_fan,
          minmay_the_grid_prize_shrinking_boxes], layout_loops_corners,
          kennysheep_opposing_triangles
D:12:     layout_roguey, serial_shops, nicolae_lakefront_shop
D:13:     layout_basic, serial_shops, kennysheep_mini,
          fake_guardian_serpent_vault
D:14:     layout_irregular_city, erik_vaults_1, minmay_holes
D:15:     gammafunk_enter_depths_forms, layout_basic, cheibriados_altar_1,
          minivault_1
Lair:1:   layout_regular_city, grunt_megastairs_5, uniq_fannar
Lair:2:   layout_regular_city, lemuel_fruit_tree, infiniplex_staircase_pool_2,
          serial_bayou_shore_b
Lair:3:   layout_roguey, swamp_mist, hellmonk_spider_entry_life_and_decay,
          ebering_ghost_rock_garden, basic_altar, uniq_gastronok, uniq_amaemon
Lair:4:   layout_cave_pods, grunt_megastairs_2
Lair:5:   hangedman_what_comes_after_a, layout_big_grid,
          nicolae_quartered_pool_little, chequers_serial_rivers_small_b,
          serial_bayou_pond_a
Lair:6:   minmay_lair_end_enchanted_forest, layout_gridlike, slime_entry_1,
          grunt_megastairs_3
Swamp:1:  layout_falls_marsh, evilmike_swamp_ruin_house_2
Swamp:2:  layout_basic_swamp, nicolae_swamp_stair_fork, swamp_pool1,
          nzn_swamp_weyward_sisters
Swamp:3:  layout_basic_swamp, serial_swamp_ruin, evilmike_swamp_ruin_house_6,
          evilmike_swamp_ruin_rubble_1, evilmike_swamp_ruin_house_5
Swamp:4:  grunt_swamp_rune_castle, layout_basic_swamp, swamp_pool3
Spider:1: layout_spider_delve, uniq_rupert
Spider:2: layout_spider_delve
Spider:3: layout_spider_delve, ebering_ghost_xom, nicolae_spider_checkerboard
Spider:4: spider_rune_water, nicolae_looking_at_the_future
Orc:1:    layout_caves, serial_shops, shop, basic_altar,
          okawaru_metal_pillars_1_2, uniq_erica
Orc:2:    st_orc_open, layout_diamond_mine, uniq_josephine

Skill      XL: |  1  2  3  4  5  6  7  8  9 10 11 12 13 14 15 16 17 |
---------------+----------------------------------------------------+-----
Axes           | 4 5 6 7 8 10 13 15 17 18 20 22 25 26 27 | 27.0
Armour         | 3 4 5 7 9 10 11 15 19 | 19.9
Evocations     | 6 7 8 |  8.0
Fighting       | 6 9 12 13 14 15 18 | 18.6
Dodging        | 4 7 9 10 | 10.0

Action                   |  1- 3 |  4- 6 |  7- 9 | 10-12 | 13-15 | 16-18 || total
-------------------------+-------+-------+-------+-------+-------+-------++-------
Melee: Hand axe          |    93 |   112 |    61 |       |       |       ||   266
       Headbutt          |     9 |    23 |    20 |    85 |   152 |   158 ||   447
       Punch             |       |       |     1 |     2 |     1 |       ||     4
       Broad axe         |       |       |    85 |   400 |    31 |       ||   516
       Flail             |       |       |       |     5 |    18 |       ||    23
       Battleaxe         |       |       |       |       |   230 |       ||   230
       Executioner's axe |       |       |       |       |   480 |   697 ||  1177
Invok: Berserk           |     3 |     6 |     7 |     4 |     6 |     7 ||    33
       Trog's Hand       |     1 |       |     1 |     4 |     4 |     2 ||    12
Evoke: Wand              |       |       |       |       |     5 |     8 ||    13
       Tin of tremorston |       |       |       |       |       |     7 ||     7
       Condenser vane    |       |       |       |       |       |     1 ||     1
       Piece from Xom's  |       |       |       |       |       |     1 ||     1
       Lightning rod     |       |       |       |       |       |     1 ||     1
  Use: Scroll            |       |     4 |     2 |     8 |    21 |     9 ||    44
       Potion            |       |       |     2 |     3 |     2 |     2 ||     9
 Stab: Petrified         |       |       |       |       |    10 |       ||    10
Armor: Animal skin       |     4 |       |       |       |       |       ||     4
       Ring mail         |    25 |    13 |       |       |       |       ||    38
       Scale mail        |       |    13 |    24 |       |       |       ||    37
       Steam dragon scal |       |       |    26 |       |       |       ||    26
       Chain mail        |       |       |     9 |   202 |   396 |     2 ||   609
       Plate armour      |       |       |       |       |       |   548 ||   548
Dodge: Dodged            |    54 |    50 |    56 |   121 |   294 |   470 ||  1045
Block: Other             |       |       |     2 |    54 |     7 |       ||    63
       Reflection        |       |       |       |     1 |       |       ||     1

Table legend: (Time is in decaauts)
 A = Elapsed time spent in this place.
 B = Non-inter-level travel time spent in this place.
 C = Inter-level travel time spent in this place.
 D = Time resting spent in this place.
 E = Time spent auto-exploring this place.
 F = Levels seen in this place.
 G = Mean time per level.
                   A        B        C        D        E       F      G
               +--------+--------+--------+--------+--------+-----+--------+
         Total |  30340 |  28214 |   2126 |   5733 |  17270 |  31 |  978.7 |
       Dungeon |  15876 |  14604 |   1272 |   3202 |   9124 |  15 | 1058.4 |
          Lair |   7103 |   6638 |    465 |   1001 |   4422 |   6 | 1183.8 |
         Swamp |   3413 |   3250 |    163 |   1003 |   1523 |   4 |  853.2 |
   Spider Nest |   2630 |   2466 |    164 |    322 |   1551 |   4 |  657.5 |
  Orcish Mines |   1317 |   1257 |     60 |    204 |    649 |   2 |  658.5 |
               +--------+--------+--------+--------+--------+-----+--------+

Top non-repeatable levels by time:
     D:5: 1658 daAuts
  Lair:3: 1620 daAuts
  Lair:2: 1424 daAuts
     D:7: 1404 daAuts
     D:9: 1400 daAuts
     D:4: 1331 daAuts
     D:8: 1301 daAuts
     D:6: 1275 daAuts
  Lair:6: 1255 daAuts
  Lair:4: 1255 daAuts
 Swamp:2: 1176 daAuts
    D:11: 1152 daAuts
     D:2: 1025 daAuts
     D:1: 1022 daAuts
Spider:1: 936 daAuts
